 Dungeon Crawl Stone Soup version 0.23.2-1-ga50397a (webtiles) character file.

Game seed: 17633325314289248557

170 IBeShadow the Bolt Thrower (level 5, 0/32 HPs)
             Began as a Kobold Hunter on Apr 25, 2019.
             Succumbed to an adder's poison
             ... on level 4 of the Dungeon.
             The game lasted 00:10:38 (4153 turns).

IBeShadow the Bolt Thrower (Kobold Hunter)          Turns: 4153, Time: 00:10:38

Health: 0/32       AC:  8    Str:  8 (10) XL:     5   Next: 80%
Magic:  5/5        EV: 14    Int: 10 (12) God:
Gold:   199        SH:  0    Dex: 15 (16) Spells: 4/4 levels left

rFire    . . .     SeeInvis .   b - +0 short sword
rCold    . . .     Gourm    .   (shield restricted)
rNeg     . . .     Faith    .   c - +1 leather armour
rPois    .         Spirit   .   (no helmet)
rElec    .         Reflect  .   (no cloak)
rCorr    .         Harm     .   (no gloves)
MR       +....                  (no boots)
Stlth    ++........             (no amulet)
HPRegen  0.10/turn              (no ring)
MPRegen  0.09/turn              (no ring)

@: lethally poisoned (0 -> -6), about to teleport, very slightly contaminated,
hasted, very quick
A: small, slimy green scales 1, yellow scales 1, carnivore, magic resistance 1
a: no special abilities


You were on level 4 of the Dungeon.
You were very full.

You visited 1 branch of the dungeon, and saw 4 of its levels.

You collected 199 gold pieces.

Inventory:

Hand Weapons
 a - a +1 hand crossbow
 b - a +0 short sword (weapon)
Missiles
 d - 30 bolts
 e - 8 javelins
Armour
 c - a +1 leather armour (worn)
Scrolls
 h - 2 scrolls of immolation
 i - 2 scrolls of amnesia
 j - a scroll of blinking
 l - a scroll of teleportation
Comestibles
 f - 10 rations
 k - 3 chunks of flesh


   Skills:
 + Level 3.5 Fighting
 + Level 3.1 Short Blades
 * Level 6.6 Crossbows
 - Level 2.4 Dodging
 - Level 1.3 Stealth


You had 4 spell levels left.
You didn't know any spells.
Your spell library contained the following spells:

 Spells                   Type           Power        Failure   Level  Hunger
 Magic Dart               Conj           #...         50%         1    ##.....
 Blink                    Tloc           N/A          63%         2    ###....
 Call Imp                 Summ           #.......     63%         2    ###....
 Slow                     Hex            #.......     63%         2    ###....
 Conjure Flame            Conj/Fire      #.......     86%         3    ####...
 Mephitic Cloud           Conj/Pois/Air  #.......     86%         3    ####...


Dungeon Overview and Level Annotations

Branches:
Dungeon (4/15)
 Temple: D:4-7

Altars:
Zin


Innate Abilities, Weirdness & Mutations

You are small and have problems with some larger weapons.
You are carnivorous and can eat meat at any time.
You are partially covered in slimy green scales. (AC +2)
You are partially covered in yellow scales. (AC +2)
You are resistant to hostile enchantments. (MR+)


Message History

You feel sick.
* * * LOW HITPOINT WARNING * * *
You feel sick.
* * * LOW HITPOINT WARNING * * *
You feel sick.
Blink to where?
Press: ? - help, Dir - move target cursor You are very lightly contaminated with residual magic.
As you read the scroll labeled BIONWE VEIMNUXA, it crumbles to dust.
It was a scroll of blinking.
* * * LOW HITPOINT WARNING * * *
You feel sick.
As you read the scroll labeled YQEROF EC XAPO, it crumbles to dust.
It is a scroll of enchant armour.
Your +0 leather armour glows green for a moment.
As you read the scroll labeled CEIS YHOMUTZ, it crumbles to dust.
You feel strangely unstable.
It was a scroll of teleportation.
* * * LOW HITPOINT WARNING * * *
You feel sick.
You die...

#.......# #...# #..
####..#### #...# #.# #..'..#
#...# #.# #.)#.S# #...###.#
####..### #...##...
#.######...# #....#.#.
#.......##.# #.#......
#######..#.#########.....###
##...@....##....#....#
#####..#....##....#..
#####.#.....#....##.
#...†..........##...
#>.........#........
#..........#.##.....
###########..##.....
...###..... ...^.......


You could see an adder.

Vanquished Creatures
  2 worker ants
  5 adders
  2 oozes
  A worm (D:2)
  A dart slug (D:3)
  6 orcs
  A ball python (D:3)
  6 bats
  4 giant cockroaches
  7 goblins
  6 hobgoblins
  2 jackals (D:3)
  3 quokkas
  4 frilled lizards
  4 kobolds
  5 rats
59 creatures vanquished.

Notes
Turn   | Place    | Note
-------+----------+-------------------------------------------
     0 | D:1      | IBeShadow the Kobold Hunter began the quest for the Orb.
     0 | D:1      | Reached XP level 1. HP: 12/12 MP: 1/1
   168 | D:1      | Reached skill level 5 in Crossbows
   168 | D:1      | Reached XP level 2. HP: 5/18 MP: 2/2
   441 | D:1      | Reached skill level 1 in Short Blades
  1269 | D:1      | Reached XP level 3. HP: 22/22 MP: 3/3
  1984 | D:2      | Reached XP level 4. HP: 11/27 MP: 4/4
  2359 | D:2      | Gained mutation: You are resistant to hostile enchantments.
                  | (MR+) [potion of mutation]
  2359 | D:2      | Gained mutation: You are partially covered in yellow
                  | scales. (AC +2) [potion of mutation]
  2359 | D:2      | Gained mutation: You are partially covered in slimy green
                  | scales. (AC +2) [potion of mutation]
  2375 | D:2      | Reached skill level 6 in Crossbows
  2718 | D:2      | Found a glowing silver altar of Zin.
  3047 | D:3      | Found a faded altar of an unknown god.
  3362 | D:3      | Reached XP level 5. HP: 32/32 MP: 5/5
  4151 | D:4      | HP: 1/32 [poisoned by an adder]
  4153 | D:4      | Succumbed to an adder's poison

Skill      XL: |  1  2  3  4  5 |
---------------+----------------+-----
Crossbows      | 5 6 |  6.6
Short Blades   | 1 2 3 |  3.1
Fighting       | 3 |  3.5
Dodging        | |  2.4
Stealth        | |  1.3

Action                   |  1- 3 |  4- 6 || total
-------------------------+-------+-------++-------
Melee: Short sword       |    74 |   104 ||   178
 Fire: Hand crossbow     |    17 |    44 ||    61
  Use: Scroll            |       |     7 ||     7
       Potion            |       |     6 ||     6
 Stab: Sleeping          |       |     2 ||     2
  Eat: Chunk             |    11 |     7 ||    18
Armor: Leather armour    |     8 |    46 ||    54
       Skin              |       |     5 ||     5
Dodge: Dodged            |    67 |    91 ||   158
